[Event "Titled Tuesday Blitz October 31 Early 2023"]
[White "Kiremitciyan, Ari"]
[Black "Bashirli, Saadat"]
[WhiteFideId "6373445"]
[BlackFideId "13429990"]
[WhiteElo "2557"]
[BlackElo "2402"]
[Result "1/2-1/2"]
[Round "6"]
[TimeControl "180+1"]
[Date "2023.10.31"]
[WhiteClock "0:00:04"]
[BlackClock "0:00:20"]
[Board "98"]

1. Nf3 d5 2. b3 Nf6 3. Bb2 Bg4 4. e3 e6 5. Be2 c6 6. O-O Nbd7 7. c4 Bd6 8. d4 O-O 9. h3 Bf5 10. Nc3 Ne4 11. Nxe4 Bxe4 12. c5 Bc7 13. Nd2 Bg6 14. f4 Nf6 15. Bf3 Ne4 16. Nxe4 Bxe4 17. Bxe4 dxe4 18. b4 a6 19. a4 f5 20. Qb3 Qd5 21. Qxd5 exd5 22. Rfb1 Rfb8 23. Bc3 Kf7 24. Kf2 Ke6 25. g4 g6 26. g5 Kd7 27. h4 Bd8 28. h5 Be7 29. Rh1 Rh8 30. Rh3 gxh5 31. Rxh5 Rag8 32. Rah1 Rg7 33. Ke2 Kc7 34. Rh6 Kd7 35. Be1 Kc7 36. Kf1 Kd7 37. g6 Bf8 38. Rxh7 Rgxh7 39. gxh7 Bg7 40. Rh5 Ke6 41. Bh4 Rf8 42. Rg5 Kf6 43. Kg2 Rh8 44. Rh5+ Kg6 45. Rg5+ Kf6 46. Rh5+ Kg6 47. Rg5+ Kf6 1/2-1/2


[Site "https://www.chess.com"]

[Event "Titled Tuesday Blitz October 31 Early 2023"]
[White "Ergali_Suleimen"]
[Black "Spichkin, Alexander"]
[BlackFideId "4144074"]
[WhiteElo "2553"]
[BlackElo "2401"]
[Result "1-0"]
[Round "6"]
[TimeControl "180+1"]
[Date "2023.10.31"]
[WhiteClock "0:00:10"]
[BlackClock "0:00:38"]
[Board "99"]

1. e4 e5 2. Nf3 d5 3. Nxe5 Bd6 4. d4 dxe4 5. Nc3 Bxe5 6. dxe5 Qxd1+ 7. Nxd1 Nc6 8. Bb5 Ne7 9. O-O O-O 10. Bxc6 Nxc6 11. Nc3 Bf5 12. Bf4 Nd4 13. Rad1 Nxc2 14. Nd5 Bg6 15. Rd2 e3 16. Ne7+ Kh8 17. Nxg6+ fxg6 18. Rxc2 Rxf4 19. Rxc7 e2 20. Re1 Re4 21. Rxb7 Rxe5 22. f3 h6 23. Kf2 Rc8 24. Rxa7 Rc2 25. Rb7 g5 26. a4 Kh7 27. b4 Ra2 28. a5 Re6 29. Rd7 g4 30. Rd4 gxf3 31. gxf3 Rb2 32. h4 Kg6 33. Rg4+ Kh5 34. Rxg7 Rxb4 35. Rxe2 Rxe2+ 36. Kxe2 Ra4 37. Ra7 Kxh4 38. a6 h5 39. Ke3 Kh3 40. Rh7 h4 41. a7 Kg3 42. Rg7+ Kh2 43. f4 h3 44. f5 Kh1 45. f6 h2 46. Kd3 Ra6 47. Rh7 Kg2 48. Rxh2+ Kxh2 49. f7 Rxa7 50. f8=Q Ra8 51. Qxa8 1-0


[Site "https://www.chess.com"]

[Event "Titled Tuesday Blitz October 31 Early 2023"]
[White "Matveeva, Olga"]
[Black "LeoLV10"]
[WhiteFideId "24107018"]
[WhiteElo "2397"]
[BlackElo "2552"]
[Result "1-0"]
[Round "6"]
[TimeControl "180+1"]
[Date "2023.10.31"]
[WhiteClock "0:00:45"]
[BlackClock "0:00:29"]
[Board "100"]

1. d4 Nf6 2. c4 e6 3. g3 d5 4. Nf3 b6 5. Bg2 Bb4+ 6. Bd2 a5 7. O-O O-O 8. cxd5 exd5 9. Ne5 Bd6 10. Nc3 c6 11. Rc1 Ba6 12. Re1 Re8 13. Bf4 Nh5 14. e3 Nxf4 15. exf4 Bb7 16. Qh5 Rf8 17. f5 Nd7 18. Nxd7 Qxd7 19. f6 gxf6 20. Bh3 Bc8 21. Bxd7 Bxd7 22. Ne2 Kg7 23. Qf3 Rg8 24. Nf4 Bf5 25. Nxd5 Kg6 26. Rxc6 Rad8 27. Rxd6 Rxd6 28. Ne7+ Kg7 1-0


[Site "https://www.chess.com"]

[Event "Titled Tuesday Blitz October 31 Early 2023"]
[White "chess123456s"]
[Black "Kukreja Sankalp"]
[BlackFideId "45027676"]
[WhiteElo "2537"]
[BlackElo "2397"]
[Result "1-0"]
[Round "6"]
[TimeControl "180+1"]
[Date "2023.10.31"]
[WhiteClock "0:01:57"]
[BlackClock "0:00:24"]
[Board "101"]

1. e4 c5 2. Nf3 g6 3. d4 cxd4 4. Nxd4 Bg7 5. c4 Nc6 6. Be3 Nf6 7. Nc3 O-O 8. Be2 b6 9. O-O Bb7 10. f3 e6 11. Ndb5 d5 12. cxd5 exd5 13. exd5 Nb4 14. d6 Nfd5 15. Bf2 a6 16. Nc7 Nxc7 17. Bxb6 Bxc3 18. Bxc7 Qg5 19. bxc3 Nd5 20. Qd4 Nxc7 21. dxc7 Rac8 22. Qb6 Qd5 23. Rab1 Ba8 24. Bxa6 1-0


[Site "https://www.chess.com"]

[Event "Titled Tuesday Blitz October 31 Early 2023"]
[White "Omariev, Maksim"]
[Black "Hoffmann, Asa"]
[WhiteFideId "4193423"]
[BlackFideId "2001470"]
[WhiteElo "2525"]
[BlackElo "2395"]
[Result "1-0"]
[Round "6"]
[TimeControl "180+1"]
[Date "2023.10.31"]
[WhiteClock "0:01:39"]
[BlackClock "0:00:25"]
[Board "102"]

1. g4 d6 2. Bg2 Nc6 3. h3 g6 4. d4 Bg7 5. d5 Ne5 6. f4 Nd7 7. Nf3 e5 8. dxe6 fxe6 9. e4 Ne7 10. Nc3 O-O 11. Be3 a6 12. Qd2 b5 13. O-O-O Bb7 14. Ng5 Nb6 15. Nxe6 Qc8 16. Nxf8 Qxf8 17. Bxb6 cxb6 18. Qxd6 Rc8 19. Nd5 Nxd5 20. Qxf8+ Rxf8 21. exd5 Rxf4 22. Rhf1 1-0


[Site "https://www.chess.com"]

[Event "Titled Tuesday Blitz October 31 Early 2023"]
[White "Bazilius, Augustinas"]
[Black "La Villa Rivas, Marlon Javier"]
[WhiteFideId "12832251"]
[BlackFideId "3519546"]
[WhiteElo "2520"]
[BlackElo "2394"]
[Result "0-1"]
[Round "6"]
[TimeControl "180+1"]
[Date "2023.10.31"]
[WhiteClock "0:00:00"]
[BlackClock "0:00:35"]
[Board "103"]

1. d4 Nf6 2. c4 c5 3. d5 b5 4. cxb5 a6 5. e3 g6 6. Nc3 Bg7 7. Nf3 O-O 8. a4 axb5 9. Bxb5 d6 10. e4 Qa5 11. O-O Ba6 12. Qe2 Bxb5 13. Nxb5 Na6 14. Bd2 Qb6 15. Bc3 Rfc8 16. b3 Nb4 17. Rfe1 e6 18. dxe6 fxe6 19. e5 dxe5 20. Bxe5 Rc6 21. Rad1 Nbd5 22. Nd2 Rf8 23. Nc4 Qd8 24. Bd6 Re8 25. Be5 Qe7 26. Na5 Ra6 27. Nc4 Nh5 28. Bxg7 Qxg7 29. Rxd5 Nf4 30. Qe4 Nxd5 31. Ncd6 Re7 32. Nc8 Rf7 33. Nbd6 Rf8 34. Qxe6+ Kh8 35. Qxd5 Qc3 36. Nf7+ Rxf7 37. Qd8+ Kg7 38. Rd1 Re6 39. Qd5 Re1+ 0-1


[Site "https://www.chess.com"]

[Event "Titled Tuesday Blitz October 31 Early 2023"]
[White "Ekdyshman, Mikhail"]
[Black "UK_23"]
[WhiteFideId "4149416"]
[WhiteElo "2512"]
[BlackElo "2392"]
[Result "1/2-1/2"]
[Round "6"]
[TimeControl "180+1"]
[Date "2023.10.31"]
[WhiteClock "0:00:10"]
[BlackClock "0:00:10"]
[Board "104"]

1. d4 d5 2. Nc3 Nf6 3. Bg5 Nbd7 4. Qd3 c6 5. f3 e5 6. O-O-O exd4 7. Qxd4 Bc5 8. Qh4 Qb6 9. Nh3 Be3+ 10. Kb1 h6 11. Bxe3 Qxe3 12. Qf2 Qxf2 13. Nxf2 Nc5 14. e4 dxe4 15. Nfxe4 Nfxe4 16. Nxe4 Nxe4 17. Re1 O-O 18. Rxe4 Bf5 19. Re1 Rfe8 20. Bc4 Kf8 21. Kc1 a5 22. g4 Bg6 23. h4 h5 24. a3 Rad8 25. Rd1 Rxd1+ 26. Rxd1 Ke7 27. Re1+ Kf8 28. Rxe8+ Kxe8 29. Be2 f6 30. b4 axb4 31. axb4 Ke7 32. c3 Kd6 33. Kd2 b6 34. Ke3 c5 35. Kf4 cxb4 36. cxb4 Kd5 37. gxh5 Bxh5 38. Kf5 Bf7 39. f4 Kd4 40. h5 Ke3 41. Bd1 Kd2 42. Bg4 Kc3 43. b5 Kc4 44. Be2+ Kd4 45. h6 gxh6 46. Kxf6 Bd5 47. Kg6 Ke3 48. Bf1 Kxf4 49. Kxh6 Ke5 50. Kg5 Kd4 51. Kf4 Bc4 52. Bh3 Bxb5 53. Kf3 Bd3 54. Bd7 Kc5 55. Ke3 Bb5 56. Be6 Ba4 57. Kd2 b5 58. Kc3 b4+ 59. Kb2 Kd4 60. Bf7 Bb5 61. Bg8 Bc4 62. Bxc4 Kxc4 63. Kc2 b3+ 64. Kb1 Kb4 65. Kb2 Ka4 66. Kb1 Ka3 67. Ka1 b2+ 68. Kb1 Kb3 1/2-1/2


[Site "https://www.chess.com"]

[Event "Titled Tuesday Blitz October 31 Early 2023"]
[White "Kahlert, Thomas"]
[Black "Heinemann, Josefine"]
[WhiteFideId "4625242"]
[BlackFideId "12900460"]
[WhiteElo "2391"]
[BlackElo "2511"]
[Result "1/2-1/2"]
[Round "6"]
[TimeControl "180+1"]
[Date "2023.10.31"]
[WhiteClock "0:00:39"]
[BlackClock "0:00:14"]
[Board "105"]

1. c4 e5 2. Nc3 Nf6 3. Nf3 Nc6 4. g3 d5 5. cxd5 Nxd5 6. Bg2 Nb6 7. O-O Be7 8. b3 O-O 9. Bb2 Re8 10. Rc1 Bf8 11. d3 Nd4 12. Ne4 Nxf3+ 13. Bxf3 c6 14. Bg2 a5 15. Nc5 Bxc5 16. Rxc5 Qd6 17. Qc1 a4 18. b4 Bg4 19. Re1 Nd7 20. Rc4 Be6 21. Rh4 Bxa2 22. Qg5 Qg6 23. Qxg6 hxg6 24. Ra1 Bb3 25. b5 cxb5 26. Bxb7 Rab8 27. Bc6 Red8 28. Rb4 f6 29. Rxb5 Rxb5 30. Bxb5 Nb6 31. Ba3 Rc8 32. Rc1 Rxc1+ 33. Bxc1 Nd5 34. Kf1 Kf7 35. Ba3 Nc3 36. Bc6 Nb1 37. Bb2 a3 38. Ba1 a2 39. Ke1 Na3 40. Kd2 Nc2 41. Bb2 a1=Q 42. Bxa1 Nxa1 43. Kc3 Nc2 44. e3 Ne1 45. Kxb3 Nxd3 46. f4 Nf2 47. Bf3 e4 48. Be2 g5 49. Kc4 gxf4 50. exf4 f5 51. Kd4 Nh3 52. Ke5 g6 53. g4 Ng1 54. gxf5 gxf5 55. Kxf5 Nxe2 56. Kxe4 Nxf4 57. Kxf4 Kg6 58. h4 Kh7 59. h5 Kh8 60. h6 Kh7 61. Kf3 Kxh6 1/2-1/2


[Site "https://www.chess.com"]

[Event "Titled Tuesday Blitz October 31 Early 2023"]
[White "MarijaKuznecova"]
[Black "Purtseladze, Maka"]
[BlackFideId "13602659"]
[WhiteElo "2385"]
[BlackElo "2510"]
[Result "0-1"]
[Round "6"]
[TimeControl "180+1"]
[Date "2023.10.31"]
[WhiteClock "0:00:00"]
[BlackClock "0:00:03"]
[Board "106"]

1. e4 c6 2. d4 d5 3. e5 c5 4. dxc5 Nc6 5. a3 Nxe5 6. b4 Nf6 7. Bb2 Ng6 8. Nf3 e6 9. Bd3 Nf4 10. O-O Nxd3 11. Qxd3 Be7 12. Nbd2 O-O 13. Rad1 b6 14. c6 a6 15. c4 b5 16. c5 Qc7 17. Ne5 Ne8 18. Nb3 f6 19. Nf3 Qxc6 20. Nfd4 Qc7 21. f4 g6 22. Rde1 Ng7 23. Nf3 Bb7 24. Nbd4 Qd7 25. Qe2 Kf7 26. Qf2 Bc6 27. Qh4 Kg8 28. Qh3 Nf5 29. Nxf5 gxf5 30. Nd4 e5 31. fxe5 fxe5 32. Nxf5 Bg5 33. Qg4 Kh8 34. h4 Bf6 35. Bxe5 Bxe5 36. Rxe5 Rg8 37. Qf3 d4 38. Re4 Bxe4 39. Qxe4 Rae8 40. Qf3 Qf7 41. Nd6 Qxf3 42. Rxf3 Re7 43. Nf7+ Kg7 44. Ng5 Rd7 45. Ne6+ Kh8 46. Rd3 Re8 47. Ng5 Re3 48. Rd1 d3 0-1


[Site "https://www.chess.com"]

[Event "Titled Tuesday Blitz October 31 Early 2023"]
[White "vishwa_vijeta"]
[Black "Fernandez, Michael"]
[BlackFideId "5803560"]
[WhiteElo "2510"]
[BlackElo "2384"]
[Result "0-1"]
[Round "6"]
[TimeControl "180+1"]
[Date "2023.10.31"]
[WhiteClock "0:00:00"]
[BlackClock "0:00:09"]
[Board "107"]

1. e4 c6 2. Nf3 d5 3. exd5 cxd5 4. d4 Nf6 5. Bd3 Bg4 6. O-O Nc6 7. h3 Bxf3 8. Qxf3 Nxd4 9. Qg3 e6 10. c3 Nc6 11. Bf4 Nh5 12. Qf3 Nxf4 13. Qxf4 Bd6 14. Qe3 O-O 15. Nd2 e5 16. c4 dxc4 17. Nxc4 Bc7 18. Rad1 Qh4 19. Be4 Rfd8 20. Bxc6 bxc6 21. Qc5 Rxd1 22. Rxd1 Qf6 23. Rd7 Bb6 24. Nxb6 axb6 25. Qxb6 g6 26. a3 Ra4 27. Qc5 Rd4 28. Rxd4 exd4 29. Qc4 Qe5 30. g3 Qe1+ 31. Kg2 Qe4+ 32. Kg1 Qb1+ 33. Kg2 Qxb2 34. Qxc6 d3 35. Qd6 d2 36. a4 Qc2 37. Qd8+ Kg7 38. Qd4+ f6 39. Qd7+ Kh6 0-1


[Site "https://www.chess.com"]

[Event "Titled Tuesday Blitz October 31 Early 2023"]
[White "Marcziter, Dmitrii"]
[Black "Lehtosaari, Mauri"]
[WhiteFideId "13900765"]
[BlackFideId "501999"]
[WhiteElo "2380"]
[BlackElo "2504"]
[Result "0-1"]
[Round "6"]
[TimeControl "180+1"]
[Date "2023.10.31"]
[WhiteClock "0:00:18"]
[BlackClock "0:00:15"]
[Board "108"]

1. d4 d5 2. c4 c6 3. Nf3 Nf6 4. Nc3 dxc4 5. a4 Bf5 6. e3 e6 7. a5 Bb4 8. Qa4 Qe7 9. Bxc4 Ne4 10. Bd2 Nxd2 11. Nxd2 O-O 12. O-O Nd7 13. e4 Bg6 14. Rfe1 h6 15. Qb3 Rab8 16. h3 Kh8 17. Nf3 b5 18. axb6 Nxb6 19. Bd3 a5 20. Qc2 Rfc8 21. e5 Bxd3 22. Qxd3 c5 23. Red1 cxd4 24. Nxd4 Nc4 25. Na4 Nxe5 26. Qe4 Ng6 27. Nc6 Qb7 28. Rdc1 Rc7 29. Rc4 Rbc8 30. Rac1 Qb5 31. b3 Qd5 32. Nb6 Qxe4 33. Rxe4 Rxc6 34. Rxc6 Rxc6 35. Nd7 Rc1+ 36. Kh2 Kg8 37. g3 Rc7 38. Nb8 Rc2 39. Kg2 Bc5 40. Ra4 Rxf2+ 41. Kh1 Bb4 42. Nc6 Rb2 43. Nxb4 axb4 44. Rxb4 Ne5 45. Rb8+ Kh7 46. Kg1 g5 47. b4 Nc6 48. Rb7 Kg6 49. b5 Na5 50. Rb8 Nc4 51. g4 Nd6 52. Kf1 Kg7 53. Ke1 Rxb5 54. Rd8 Ne4 55. Ke2 Nf6 56. Ke3 Rb3+ 57. Kd2 Rxh3 58. Kc2 Rg3 59. Rc8 Rxg4 60. Ra8 Rf4 61. Ra7 h5 62. Rb7 h4 63. Rc7 h3 64. Rd7 h2 65. Re7 h1=Q 66. Ra7 Qh2+ 67. Kd3 Qg3+ 68. Ke2 Rf2+ 69. Ke1 Qg1# 0-1


[Site "https://www.chess.com"]

[Event "Titled Tuesday Blitz October 31 Early 2023"]
[White "Aash20"]
[Black "Kovalevsky, Stanislav"]
[BlackFideId "13508598"]
[WhiteElo "2498"]
[BlackElo "2378"]
[Result "0-1"]
[Round "6"]
[TimeControl "180+1"]
[Date "2023.10.31"]
[WhiteClock "0:01:07"]
[BlackClock "0:00:20"]
[Board "109"]

1. e4 c6 2. d4 d5 3. Nc3 dxe4 4. Nxe4 Nf6 5. Nxf6+ exf6 6. c3 Bd6 7. Bd3 O-O 8. Ne2 Na6 9. O-O Nc7 10. Ng3 Re8 11. b3 Nd5 12. c4 Nf4 13. Bxf4 Bxf4 14. Qf3 Bxg3 15. hxg3 Qxd4 16. Rad1 Qg4 17. Rfe1 Be6 18. Qxg4 Bxg4 19. f3 Be6 20. Kf2 Rad8 21. Bc2 h6 22. Rxd8 Rxd8 23. Ke3 Kf8 24. Re2 c5 25. Rd2 Rxd2 26. Kxd2 Ke7 27. Ke3 Kd6 28. Be4 b6 29. g4 g6 30. Bd3 Ke5 31. f4+ Kd6 32. Be2 f5 33. gxf5 Bxf5 34. a3 a5 35. Bd1 Bb1 36. g4 Ke6 37. Kd2 g5 38. Ke3 Kf6 39. Kf3 Ba2 40. Ke3 a4 41. bxa4 Bxc4 42. Ke4 Be6 43. Bc2 Bxg4 44. fxg5+ hxg5 45. Kd5 Bf3+ 46. Kd6 g4 47. Kc7 g3 48. Kxb6 g2 49. Kxc5 g1=Q+ 50. Kb4 Qa7 51. a5 Ke5 52. Bd3 Kd4 53. Bb5 Qc5+ 54. Kb3 Qxb5+ 0-1


[Site "https://www.chess.com"]

[Event "Titled Tuesday Blitz October 31 Early 2023"]
[White "Seresin, Francesco"]
[Black "Camilla_Lee"]
[WhiteFideId "886335"]
[WhiteElo "2377"]
[BlackElo "2497"]
[Result "1-0"]
[Round "6"]
[TimeControl "180+1"]
[Date "2023.10.31"]
[WhiteClock "0:00:21"]
[BlackClock "0:00:00"]
[Board "110"]

1. d4 d5 2. c4 e6 3. Nf3 Nf6 4. Nc3 Bb4 5. Bg5 Nbd7 6. Rc1 c5 7. cxd5 exd5 8. e3 h6 9. Bh4 Qa5 10. Bd3 Ne4 11. O-O Nxc3 12. bxc3 Bxc3 13. Qc2 Bb4 14. dxc5 Nxc5 15. Nd4 Bd7 16. Bf5 O-O 17. Bxd7 Nxd7 18. Qc7 Qxc7 19. Rxc7 Nc5 20. Rb1 a5 21. Nc2 Rfc8 22. Rxc8+ Rxc8 23. Nxb4 axb4 24. Rxb4 Nd3 25. Rb1 Rc1+ 26. Rxc1 Nxc1 27. a3 Kf8 28. Kf1 g5 29. Bg3 Ke7 30. Ke1 Kd7 31. Kd2 Nb3+ 32. Kc3 Na5 33. h4 f6 34. h5 Kc6 35. f4 Nc4 36. Kd4 Nxa3 37. fxg5 fxg5 38. Be5 Nc2+ 39. Kd3 Ne1+ 40. Ke2 Nxg2 41. Bg7 Nh4 42. Bxh6 g4 43. Bg7 1-0


[Site "https://www.chess.com"]

[Event "Titled Tuesday Blitz October 31 Early 2023"]
[White "Dmitrenko, Viktor"]
[Black "Kubicka, Anna"]
[WhiteFideId "14110270"]
[BlackFideId "1152254"]
[WhiteElo "2368"]
[BlackElo "2496"]
[Result "1-0"]
[Round "6"]
[TimeControl "180+1"]
[Date "2023.10.31"]
[WhiteClock "0:00:05"]
[BlackClock "0:00:05"]
[Board "111"]

1. e4 c6 2. d4 d5 3. Nc3 dxe4 4. Nxe4 Nf6 5. Nxf6+ exf6 6. Be2 Bd6 7. Bf3 O-O 8. Ne2 Qc7 9. c4 c5 10. d5 Nd7 11. Qc2 Ne5 12. Be4 f5 13. Bd3 Nxd3+ 14. Qxd3 Bd7 15. h3 a6 16. O-O b5 17. b3 Be5 18. Rb1 Qd6 19. Bb2 Bxb2 20. Rxb2 Rfe8 21. Qg3 Qf6 22. Rfb1 f4 23. Qxf4 Qxf4 24. Nxf4 Bf5 25. Rc1 Re4 26. Nh5 Rd4 27. Ng3 Bg6 28. cxb5 Rxd5 29. bxa6 h5 30. a4 Rxa6 31. Ne2 h4 32. Nf4 Rg5 33. Nxg6 Raxg6 34. f3 Rd5 35. Rc4 Rgg5 36. Rxh4 Rd3 37. Kf2 Rgd5 38. Rc4 g5 39. Kg3 Kg7 40. a5 Rd1 41. a6 Ra1 42. Ra4 Rxa4 43. bxa4 Rd6 44. Rc2 Rxa6 45. Rxc5 Kg6 46. a5 f5 47. Rb5 1-0


[Site "https://www.chess.com"]

[Event "Titled Tuesday Blitz October 31 Early 2023"]
[White "Bilan, Danila"]
[Black "Szente Varga, Fruzsina"]
[WhiteFideId "24161918"]
[BlackFideId "712264"]
[WhiteElo "2478"]
[BlackElo "2326"]
[Result "1-0"]
[Round "6"]
[TimeControl "180+1"]
[Date "2023.10.31"]
[WhiteClock "0:01:20"]
[BlackClock "0:00:14"]
[Board "114"]

1. d4 Nf6 2. Nf3 g6 3. Bg5 Bg7 4. c3 O-O 5. Nbd2 d5 6. e3 Bg4 7. Qb3 b6 8. Ne5 Be6 9. Be2 c5 10. O-O Nbd7 11. Nc6 Qc7 12. Nxe7+ Kh8 13. f4 Nb8 14. Bxf6 Bxf6 15. Nxd5 Qb7 16. Bf3 Nc6 17. Qb5 cxd4 18. Nxf6 Rac8 19. cxd4 1-0


[Site "https://www.chess.com"]

[Event "Titled Tuesday Blitz October 31 Early 2023"]
[White "Kopczynski, Michal"]
[Black "Evdokimov, Alexey"]
[WhiteFideId "1124200"]
[BlackFideId "24162450"]
[WhiteElo "2477"]
[BlackElo "2322"]
[Result "1-0"]
[Round "6"]
[TimeControl "180+1"]
[Date "2023.10.31"]
[WhiteClock "0:01:16"]
[BlackClock "0:00:09"]
[Board "115"]

1. e4 e6 2. d4 d5 3. Nc3 Nf6 4. e5 Nfd7 5. f4 c5 6. dxc5 Bxc5 7. Nf3 Nc6 8. Bd3 a6 9. Qe2 b5 10. Bd2 Bb7 11. O-O-O b4 12. Nb1 Qa5 13. f5 Nf8 14. Ng5 Nd4 15. Qh5 g6 16. fxg6 fxg6 17. Qg4 h5 18. Qh3 O-O-O 19. Nf7 Nd7 20. Nxh8 Rxh8 21. a3 bxa3 22. Bxa5 a2 23. Bc3 a1=Q 24. b4 Qa4 25. bxc5 Nxc5 26. Qe3 Ndb3+ 27. cxb3 Nxb3+ 28. Kb2 d4 29. Qe1 Qa1+ 30. Kxb3 Bd5+ 31. Kc2 dxc3 32. Qxc3+ Qxc3+ 33. Nxc3 1-0


[Site "https://www.chess.com"]

[Event "Titled Tuesday Blitz October 31 Early 2023"]
[White "Petrova, Irina"]
[Black "Shuvalov, Evgenij"]
[WhiteFideId "14124122"]
[BlackFideId "4187237"]
[WhiteElo "2321"]
[BlackElo "2464"]
[Result "0-1"]
[Round "6"]
[TimeControl "180+1"]
[Date "2023.10.31"]
[WhiteClock "0:00:35"]
[BlackClock "0:01:36"]
[Board "116"]

1. e4 e6 2. d4 d5 3. Nc3 Bb4 4. Ne2 Nc6 5. a3 Ba5 6. e5 Nge7 7. g3 Nf5 8. Bg2 Bb6 9. Be3 f6 10. exf6 Qxf6 11. O-O Ncxd4 12. Nxd4 Bxd4 13. Bxd4 Qxd4 14. Qh5+ g6 15. Qe2 O-O 16. Rad1 Qb6 17. b4 Bd7 18. Qe5 Qd6 19. Rfe1 Qxe5 20. Rxe5 c6 21. Ne2 Nd6 22. Nd4 Nc4 23. Ree1 e5 24. Nf3 Bg4 25. Nd2 Bxd1 26. Rxd1 Nxd2 27. Rxd2 e4 28. b5 Rfd8 29. bxc6 bxc6 30. c4 Kg7 31. cxd5 cxd5 32. Rc2 Rac8 33. Rb2 Rc7 34. h4 Kf6 35. Kh2 Ke5 0-1


[Site "https://www.chess.com"]

[Event "Titled Tuesday Blitz October 31 Early 2023"]
[White "Babarsik1977"]
[Black "Deuterio010"]
[WhiteElo "2320"]
[BlackElo "2461"]
[Result "1/2-1/2"]
[Round "6"]
[TimeControl "180+1"]
[Date "2023.10.31"]
[WhiteClock "0:00:02"]
[BlackClock "0:00:05"]
[Board "117"]

1. e4 c5 2. Nc3 Nc6 3. f4 g6 4. Nf3 Bg7 5. Bc4 e6 6. d3 Nge7 7. O-O d5 8. Bb3 O-O 9. Qe1 a6 10. a4 Rb8 11. Qh4 b5 12. axb5 axb5 13. f5 exf5 14. exd5 Nd4 15. Bf4 Rb7 16. Rae1 Nxb3 17. cxb3 Rd7 18. d6 Nc6 19. Qxd8 Rfxd8 20. Nxb5 Ba6 21. Nc7 Bxd3 22. Rf2 h6 23. Re8+ Rxe8 24. Nxe8 g5 25. Nxg7 Kxg7 26. Rd2 Nb4 27. Be5+ f6 28. Bc3 Be4 29. Bxb4 cxb4 30. Rd4 Kf7 31. Nd2 Bc6 32. Nc4 Ke6 33. Kf2 Bd5 34. Nb6 Rxd6 35. Rxb4 Bc6 36. Nc4 Rd3 37. Rb6 Kd7 38. b4 Rb3 39. Rxc6 Rxb4 40. Rc5 f4 41. Ke2 g4 42. Kd3 Rb3+ 43. Kc2 f3 44. gxf3 Rxf3 45. Rh5 Ke6 46. Rxh6 Kd5 47. Nd2 Rf2 48. Rh4 f5 49. Rh5 Ke6 50. b4 f4 51. b5 g3 52. hxg3 fxg3 53. Rg5 g2 54. Rg8 Kf7 55. Rg3 Ke7 56. b6 Kd6 57. b7 Kc7 58. Rb3 Kb8 59. Rb1 Rf1 60. Nxf1 g1=Q 61. Nd2 Qg6+ 62. Kc3 Qc6+ 63. Kb2 Qb6+ 64. Kc2 Qg6+ 65. Kc3 Qg7+ 66. Kc2 Qh7+ 67. Kc3 Qh8+ 68. Kc2 Qh7+ 69. Kc3 Qxb1 70. Nxb1 Kxb7 1/2-1/2


[Site "https://www.chess.com"]

[Event "Titled Tuesday Blitz October 31 Early 2023"]
[White "Devaev, Alexander"]
[Black "gpsji27"]
[WhiteFideId "4169395"]
[WhiteElo "2458"]
[BlackElo "2302"]
[Result "1-0"]
[Round "6"]
[TimeControl "180+1"]
[Date "2023.10.31"]
[WhiteClock "0:00:18"]
[BlackClock "0:00:03"]
[Board "118"]

1. Nf3 d5 2. c4 d4 3. d3 Nf6 4. e3 Nc6 5. Be2 g6 6. O-O Bg7 7. exd4 Nxd4 8. Nxd4 Qxd4 9. Nc3 Bf5 10. Be3 Qd7 11. d4 c6 12. h3 h5 13. Qb3 O-O 14. Rad1 Rfd8 15. Bf3 Qe8 16. Rfe1 Qf8 17. d5 cxd5 18. cxd5 Rd7 19. Rd4 Ne8 20. Rd2 Nd6 21. g4 hxg4 22. hxg4 Bxc3 23. bxc3 Be4 24. Be2 g5 25. f3 Bg6 26. Bxg5 Rc8 27. c4 Rdc7 28. Rd4 f6 29. Be3 Qg7 30. Bf2 Bf7 31. Bf1 Nf5 32. Rde4 Nd6 33. Rxe7 Rxe7 34. Rxe7 Qf8 35. Re1 f5 36. Bg2 fxg4 37. fxg4 Bg6 38. c5 Nf7 39. d6 Kg7 40. Qe6 Ng5 41. Bd4+ Kh7 42. Qe5 Nf7 43. Qh2+ Nh6 44. g5 Bf5 45. Qxh6+ Qxh6 46. gxh6 Kxh6 47. Re7 Rg8 48. Kf2 Rg4 49. Be3+ Kg6 50. Bf3 Rc4 51. d7 Rc2+ 52. Be2 Bxd7 53. Rxd7 Rxa2 54. Rxb7 a5 55. Kf3 a4 56. Bd3+ Kf6 57. Bd4+ Ke6 58. Ke4 Ra1 59. Bc4# 1-0


[Site "https://www.chess.com"]

[Event "Titled Tuesday Blitz October 31 Early 2023"]
[White "Pinto, Daniel"]
[Black "Malikova777"]
[WhiteFideId "3303144"]
[WhiteElo "2457"]
[BlackElo "2291"]
[Result "0-1"]
[Round "6"]
[TimeControl "180+1"]
[Date "2023.10.31"]
[WhiteClock "0:00:00"]
[BlackClock "0:00:56"]
[Board "119"]

1. e4 c6 2. d4 d5 3. e5 c5 4. dxc5 e6 5. a3 Bxc5 6. b4 Bb6 7. Bb2 Ne7 8. Bd3 Nbc6 9. Nf3 Ng6 10. O-O Nf4 11. Nbd2 Nxd3 12. cxd3 O-O 13. Nb3 Bd7 14. Rc1 Ne7 15. Nc5 Bxc5 16. Rxc5 b6 17. Rc1 a5 18. bxa5 bxa5 19. Qd2 Nf5 20. Nd4 Nxd4 21. Bxd4 Qh4 22. Qe3 Ba4 23. Rc7 Rfc8 24. Rfc1 Rxc7 25. Rxc7 Bb3 26. h3 a4 27. Bc5 Qh5 28. Kh2 h6 29. Bd6 Qf5 30. g4 Qg5 31. Qxg5 hxg5 32. Be7 Rb8 33. Bxg5 Bd1 34. Bd2 Rb2 35. Be3 Rb3 36. Rc8+ Kh7 37. Bc5 Rxd3 38. Rf8 Kg6 39. h4 Bxg4 40. Ra8 Bd1 41. Rd8 Rf3 42. Kg2 Rf4 43. Be7 Re4 44. Bd6 Rxh4 45. Rb8 Rc4 46. Rb4 Rxb4 47. Bxb4 Kf5 48. Bc3 Ke4 49. Kg3 Kd3 50. Bb4 f6 51. exf6 gxf6 52. Be7 f5 53. Kf4 Kd4 54. Bf6+ Kc4 55. Ke5 d4 56. Kxe6 Bc2 57. Bg5 Kc3 58. Bf6 Kc4 59. Bg5 Be4 60. Kd6 d3 61. Bd2 Kb3 62. Ke5 Kc2 0-1


[Site "https://www.chess.com"]

[Event "Titled Tuesday Blitz October 31 Early 2023"]
[White "parintele_chess"]
[Black "Herman, Daniel"]
[BlackFideId "30935008"]
[WhiteElo "2256"]
[BlackElo "2449"]
[Result "0-1"]
[Round "6"]
[TimeControl "180+1"]
[Date "2023.10.31"]
[WhiteClock "0:00:00"]
[BlackClock "0:00:06"]
[Board "120"]

1. d4 e6 2. Bf4 f5 3. Nf3 Nf6 4. e3 Bd6 5. Bxd6 cxd6 6. h3 b6 7. c4 Bb7 8. Be2 O-O 9. Nc3 Nc6 10. O-O e5 11. Nb5 e4 12. Nd2 Qe7 13. Qb3 Kh8 14. Qa3 d5 15. Nc7 Qxa3 16. bxa3 Rac8 17. Nxd5 Nxd5 18. cxd5 Ne7 19. d6 Nd5 20. Bb5 Bc6 21. Ba6 Rce8 22. Nc4 Re6 23. Rac1 f4 24. g3 fxe3 25. fxe3 Ref6 26. Rxf6 Rxf6 27. Rf1 Kg8 28. Rxf6 gxf6 29. Kf2 Kf7 30. Nd2 f5 31. g4 fxg4 32. hxg4 Nc3 33. Bc4+ Kf6 34. Kg3 Kg5 35. Bg8 Nd1 36. Bxh7 Nxe3 37. Bxe4 Bxe4 38. Nxe4+ Kg6 39. Kf4 Nc4 40. g5 Nxa3 41. Ke5 Nc4+ 42. Kd5 Ne3+ 43. Ke5 Nc4+ 44. Kd5 Na3 45. Nf6 Kxg5 46. Nxd7 Nb5 47. Kc6 Nxd4+ 48. Kc7 Kf5 49. Nb8 Ne6+ 50. Kd7 b5 51. Ke7 Nc5 0-1


[Site "https://www.chess.com"]

[Event "Titled Tuesday Blitz October 31 Early 2023"]
[White "MMAHDI2013"]
[Black "Akylbek2021"]
[WhiteElo "2447"]
[BlackElo "2254"]
[Result "1-0"]
[Round "6"]
[TimeControl "180+1"]
[Date "2023.10.31"]
[WhiteClock "0:00:29"]
[BlackClock "0:00:00"]
[Board "121"]

1. c4 f5 2. Nf3 Nf6 3. g3 g6 4. b3 Bg7 5. Bb2 O-O 6. Bg2 e6 7. O-O d5 8. d3 c6 9. Nbd2 Nbd7 10. Qc2 b6 11. e4 Bb7 12. Rfe1 Nc5 13. b4 Nxd3 14. Qxd3 fxe4 15. Nxe4 Nxe4 16. Bxg7 Kxg7 17. Nd4 Qf6 18. f3 Ng5 19. f4 c5 20. fxg5 Qxd4+ 21. Qxd4+ cxd4 22. Rxe6 Rad8 23. Re7+ Rf7 24. Rxf7+ Kxf7 25. Rd1 dxc4 26. Bxb7 d3 27. Ba6 Rc8 28. Kf2 Rc7 29. Ke3 Ke6 30. Kd4 Kf5 31. Bxc4 Kxg5 32. Bxd3 h5 33. Rf1 Rd7+ 34. Ke3 Re7+ 35. Be4 a5 36. bxa5 bxa5 37. Rf4 Re5 38. h4+ Kh6 39. Rf6 Kg7 40. Rxg6+ Kf7 41. Rg5 Re7 42. Rxa5 1-0


[Site "https://www.chess.com"]